 Dungeon Crawl Stone Soup version 0.30.0-29-ga12c61a403 (webtiles) character file.

Game seed: 7948419459587789780

58523 qw the Severer (level 14, -6/90 HPs)
             Began as a Gargoyle Fighter on June 4, 2023.
             Was an Elder of Okawaru.
             Mangled by a very large slime creature (32 damage)
             ... on level 12 of the Dungeon.
             The game lasted 00:08:44 (16797 turns).

qw the Severer (Gargoyle Fighter)                  Turns: 16797, Time: 00:08:45

Health: -6/90      AC: 36    Str: 22    XL:     14   Next: 91%
Magic:  19/21      EV: 14    Int: 13    God:    Okawaru [****..]
Gold:   1540       SH: 18    Dex: 11    Spells: 13/13 levels left

rFire   . . .        r - +8 broad axe of Okawaru, Growing {heavy, *Corrode Int+3 Dex+2}
rCold   + . .        y - +0 kite shield
rNeg    + . .        s - +0 plate armour
rPois   inf          g - +2 helmet
rElec   +            w - +2 cloak
rCorr   .            (no gloves)
SInv    +            q - +0 pair of boots
Will    ++...        h - amulet of reflection Stlth
                     o - ring "Jinlog" {rC+ Will+ SInv Stlth+}
HPRegen 0.35/turn    z - +5 ring of evasion
MPRegen 0.17/turn

%: corrode self (3%), reflection
@: heroic, flying
A: sickness immunity, AC +10, big wings, negative energy resistance 1,
electricity resistance, torment resistance 1, petrification resistance, weak 1,
MP-powered wands
a: Renounce Religion, Heroism, Finesse


You were on level 12 of the Dungeon.
You worshipped Okawaru.
Okawaru was greatly pleased with you.
You visited 3 branches of the dungeon, and saw 19 of its levels.

You collected 1590 gold pieces.
You spent 50 gold pieces at shops.


Innate Abilities, Weirdness & Mutations

You are immune to sickness and miasma.
Your stone body is resilient. (AC +10)
You are immune to poison.
Your large and strong wings let you fly.
You resist negative energy. (rN+)
You are resistant to electric shocks. (rElec)
You are resistant to unholy torment.
You are immune to petrification.
You are weak. (Str -2)
You expend magic power (3 MP) to strengthen your wands.


   Skills:
 - Level 11.1(16.1) Fighting
 - Level 15.0(20.0) Axes
 - Level 5.6(10.6) Throwing
 + Level 10.6(15.6) Armour
 - Level 2.2(7.2) Dodging
 - Level 12.0(17.0) Shields
 - Level 10.0 Invocations


You had 13 spell levels left.
You didn't know any spells.
Your spell library was empty.

Inventory:

Hand Weapons
 c - a +2 morningstar of protection
 r - the +8 broad axe of Okawaru, Growing (weapon) {heavy, *Corrode Int+3 Dex+2}
   (Okawaru gifted it to you on level 11 of the Dungeon)

   Int:       It affects your intelligence (+3).
   Dex:       It affects your dexterity (+2).
   *Corrode:  It may corrode you when you take damage.
 Y - a +4 heavy war axe
Missiles
 b - 9 boomerangs (quivered)
Armour
 g - a +2 helmet (worn)
 q - a +0 pair of boots (worn)
 s - a +0 plate armour (worn)
 v - a +0 helmet of see invisible
 w - a +2 cloak (worn)
 y - a +0 kite shield (worn)
Jewellery
 h - an amulet of reflection (around neck)
 k - a ring of protection from fire
 o - the ring "Jinlog" (left hand) {rC+ Will+ SInv Stlth+}
   (You acquired it on level 3 of the Dungeon)

   [ring of see invisible]

   rC:        It protects you from cold.
   SInv:      It lets you see invisible.
   Will:      It increases your willpower.
   Stlth:     It makes you more stealthy.
 t - a +4 ring of protection
 z - a +5 ring of evasion (right hand)
 A - a ring of protection from fire
Scrolls
 a - 7 scrolls of identify
 l - 5 scrolls of teleportation
Potions
 d - 4 potions of might
 e - 5 potions of curing
 f - 2 potions of lignification
 i - a potion of resistance
 j - 7 potions of magic
 m - 2 potions of heal wounds
 n - 3 potions of attraction
 u - 2 potions of haste
 x - a potion of mutation
 C - a potion of cancellation

Dungeon Overview and Level Annotations

Branches:
Dungeon (13/15)            Temple (1/1) D:6            Lair (5/5) D:8
 Shoals (0/4) Lair:3       Spider (0/4) Lair:2        Slime (0/5) Lair:5
    Orc (0/2) D:10
 Vaults: D:13-14

Altars:
Ashenzari
Cheibriados
Dithmenos
Elyvilon
Fedhas
Gozag
Hepliaklqana
Kikubaaqudgha
Makhleb
Nemelex Xobeh
Okawaru
Qazlal
Ru
Sif Muna
Trog
Uskayaw
Vehumet
Wu Jian
Xom
Yredelemnul
Zin
The Shining One
Jiyva
Lugonu

Shops:
D:4 *

Portals:
Abyss: Lair:5


Message History

You slice the slime creature!! x2
The slime creature hits you but does no damage.
You block the slime creature's attack.
Two slime creatures merge to form a large slime creature.
You barely miss the slime creature.
The slime creature is heavily wounded.
You slash the large slime creature!
The slime creature hits you but does no damage.
You block the slime creature's attack. The large slime creature hits you!!
16793 ||| INVOKING Heroism.
You gain the combat prowess of a mighty hero.
You can no longer enter into single combat with a foe.
Okawaru will no longer gift you equipment.
You block the slime creature's attack. The slime creature hits you.
The large slime creature hits you!!
Two slime creatures merge to form a very large slime creature.
You hit the slime creature.
The slime creature is heavily wounded.
You hit the slime creature. You hit the very large slime creature.
You block the slime creature's attack. x2
You slice the slime creature!!
You kill the slime creature!
Okawaru accepts your kill.
You slash the slime creature!
You slice the very large slime creature!!
The slime creature hits you.
You block the very large slime creature's attack.
You slice the very large slime creature!!
The very large slime creature is severely wounded.
You slash the slime creature!
You carve the slime creature like a ham!!!
The slime creature hits you but does no damage.
You block the very large slime creature's attack.
The slime creature hits you but does no damage. x2
You barely miss the slime creature.
The slime creature is severely wounded.
You slice the very large slime creature!!
You hit the slime creature.
The very large slime creature hits you!!
You die...

....##...~~~~~..#
....##...~~~~~~##
....+.>..~~~~~~~.
....#~~~J~~~~~~~~
....##~~~~~~~~~
####....~J~~~ ~##
#.../(~~J #..
.###....#~~~J##J###
...J.K..##~~..JJ@<#
..EKhJ%.###+###J###
....##..#.....#.#
.######E#.....#.# .
#J#.....#.# #B.#
#.########. ##0#
#.......... .:.#
#..######## ..
##..#.###..#


You could see a very large slime creature and 4 slime creatures.

Vanquished Creatures
  Gastronok (D:11)
  3 hydras
  A catoblepas (Lair:5)
  2 two-headed ogres
  2 boulder beetles
  A death yak (Lair:2)
  3 thrashing horrors (Lair:5)
  A pharaoh ant (Lair:2)
  Lodul (D:11)
  A large abomination (Lair:5)
  2 manticores (D:12)
  4 ugly things (Lair:5)
  A cyclops (D:12)
  4 black mambas
  2 merfolk sirens (Lair:3)
  A torpor snail (Lair:2)
  A smoke demon (Lair:5)
  3 elephants (Lair:5)
  9 cane toads
  4 kobold demonologists
  An unseen horror (D:7)
  7 komodo dragons
  2 rime drakes
  2 ancient zymes (Lair:5)
  2 merfolk (Lair:3)
  2 trolls
  Grinder (D:4)
  3 polar bears
  Prince Ribbit (D:5)
  20 dream sheep
  33 blink frogs
  2 jumping spiders (Lair:2)
  2 water elementals (D:12)
  3 slime creatures (D:12)
  Sigmund (D:4)
  A shadow (D:9)
  A ynoxinul (Lair:5)
  A wraith (D:11)
  67 yaks
  8 basilisks
  A wyvern (Lair:5)
  A steam dragon (D:7)
  3 vampire mosquitoes (D:12)
  2 chaos spawn (Lair:5)
  Edmund (D:6)
  2 redbacks (Lair:2)
  Menkaure (D:4)
  22 water moccasins
  Duvessa (D:5)
  2 acid dragons
  An ice beast (D:8)
  4 sky beasts
  5 black bears
  2 orc warriors
  9 ogres
  16 wolves
  9 centaurs
  2 phantoms
  5 kobold brigands
  10 small abominations (Lair:5)
  Blork the orc (D:4)
  A gnoll sergeant (D:11)
  15 bullfrogs
  5 scorpions
  A wight (D:7)
  Dowan (D:5)
  5 killer bees (D:7)
  6 howler monkeys (D:8)
  4 electric eels (D:12)
  A hound (shapeshifter) (Lair:5)
  5 hounds
  4 jellies
  A gnoll bouda (D:9)
  4 sleepcaps
  5 orc priests
  3 iguanas
  6 orc wizards
  16 gnolls
  2 adders
  2 white imps
  An ufetubus (D:5)
  A worm (D:4)
  3 dart slugs
  29 orcs
  5 endoplasms
  4 giant cockroaches
  3 goblins
  2 hobgoblins
  2 jackals (D:1)
  24 kobolds
  A quokka (D:1)
  8 ball pythons
  4 bats
  7 frilled lizards
  5 rats
493 creatures vanquished.

Vanquished Creatures (others)
  A spriggan (shapeshifter) (Lair:5)
  An orc (D:7)
2 creatures vanquished.

Grand Total: 495 creatures vanquished

Notes
Turn   | Place    | Note
-------+----------+-------------------------------------------
     0 | D:1      | qw the Gargoyle Fighter began the quest for the Orb.
     0 | D:1      | Reached XP level 1. HP: 14/14 MP: 1/1
     0 | D:1      | 0 ||| qw: Version: 0.2-a-107-g4668610
     0 | D:1      | 0 ||| qw: Game counter: 1194
     0 | D:1      | 0 ||| qw: Always use a shield: true
     0 | D:1      | 0 ||| qw: God list: Okawaru
     0 | D:1      | 0 ||| qw: Allow faded altars: false
     0 | D:1      | 0 ||| qw: Do Orc after D:15 true
     0 | D:1      | 0 ||| qw: Do second Lair branch before Depths: true
     0 | D:1      | 0 ||| qw: Lair rune preference: random
     0 | D:1      | 0 ||| qw: Plans: Normal, Zot:1-4, Slime:5, God:TSO, Crypt,
                  | Tomb, Abyss, Pan, Hells, Win
     0 | D:1      | 0 ||| PLANNING D:1-11
    10 | D:1      | Reached skill level 2 in Axes
    18 | D:1      | Reached XP level 2. HP: 8/19 MP: 2/2
   425 | D:1      | Reached skill level 3 in Axes
   612 | D:1      | 612 ||| DROPPING ring of flight.
   613 | D:1      | 613 ||| READING scroll labelled GYHADAUH IRIXE.
   618 | D:1      | 618 ||| READING scroll labelled HYANOKL XAENI.
   619 | D:1      | 619 ||| READING scroll labelled GOLA JUCEASIO.
   620 | D:1      | 620 ||| READING scroll labelled XIEDUITIQI.
   621 | D:1      | 621 ||| READING scroll labelled WARONI VOMA.
   648 | D:2      | Reached XP level 3. HP: 19/23 MP: 3/3
   767 | D:2      | 767 ||| Stepping ~*~*~tactically~*~*~ (hiding).
   910 | D:2      | 910 ||| Stepping ~*~*~tactically~*~*~ (stealth).
   914 | D:2      | 914 ||| Stepping ~*~*~tactically~*~*~ (stealth).
   924 | D:2      | 924 ||| Stepping ~*~*~tactically~*~*~ (stealth).
   924 | D:2      | Found an ancient bone altar of Kikubaaqudgha.
   925 | D:2      | 925 ||| Stepping ~*~*~tactically~*~*~ (stealth).
   930 | D:2      | 930 ||| Stepping ~*~*~tactically~*~*~ (stealth).
   937 | D:2      | 937 ||| DROPPING +0 club.
   947 | D:2      | 947 ||| Stepping ~*~*~tactically~*~*~ (stealth).
  1128 | D:2      | Found a faded altar of an unknown god.
  1361 | D:2      | 1361 ||| READING scroll labelled VUOSCH YLYAMAME.
  1400 | D:3      | Noticed a scorpion
  1408 | D:3      | Killed a scorpion
  1409 | D:3      | Reached skill level 4 in Axes
  1409 | D:3      | Reached XP level 4. HP: 28/28 MP: 4/4
  1511 | D:3      | 1511 ||| READING scroll of brand weapon.
  1511 | D:3      | 1511 ||| BRANDING +1 war axe of freezing.
  1536 | D:3      | 1536 ||| READING scroll of enchant weapon.
  1536 | D:3      | 1536 ||| ENCHANTING +1 heavy war axe.
  1578 | D:3      | Found a sparkling altar of Nemelex Xobeh.
  1717 | D:3      | Found a white marble altar of Elyvilon.
  1895 | D:3      | 1895 ||| UPGRADING to +1 helmet.
  1900 | D:3      | 1900 ||| UPGRADING to amulet of reflection.
  1905 | D:3      | 1905 ||| READING scroll labelled ZOSTUDWU ZOYWK.
  1905 | D:3      | Identified a scroll of acquirement
  1905 | D:3      | 1905 ||| ACQUIRING ring "Jinlog" {rC+ Will+ SInv Stlth+}
  1905 | D:3      | Acquired the ring "Jinlog" {rC+ Will+ SInv Stlth+}
  1907 | D:3      | 1907 ||| UPGRADING to ring "Jinlog" {rC+ Will+ SInv
                  | Stlth+}.
  1908 | D:3      | 1908 ||| DRINKING 2 fuming pink potions.
  1909 | D:3      | 1909 ||| READING 3 scrolls of identify.
  1909 | D:3      | 1909 ||| IDENTIFYING fizzy cyan potion
  1910 | D:3      | 1910 ||| READING 2 scrolls of identify.
  1910 | D:3      | 1910 ||| IDENTIFYING murky brown potion
  1911 | D:3      | 1911 ||| DROPPING potion of degeneration.
  1926 | D:4      | Noticed Sigmund
  1927 | D:4      | Noticed an ogre
  1928 | D:4      | 1928 ||| FLEEEEING.
  1929 | D:4      | 1929 ||| FLEEEEING.
  1930 | D:4      | 1930 ||| STAIRDANCE
  1961 | D:4      | Killed Sigmund
  1962 | D:4      | Reached skill level 5 in Axes
  1962 | D:4      | Reached XP level 5. HP: 32/32 MP: 5/5
  1962 | D:4      | Reached XP level 6. HP: 37/37 MP: 6/6
  2053 | D:4      | Noticed Grinder
  2060 | D:4      | Paralysed by Grinder for 5 turns
  2066 | D:4      | Reached skill level 1 in Dodging
  2066 | D:4      | Reached XP level 7. HP: 28/43 MP: 7/7
  2069 | D:4      | Paralysed by Grinder for 3 turns
  2073 | D:4      | Killed Grinder
  2074 | D:4      | Reached skill level 6 in Axes
  2143 | D:4      | 2143 ||| FLEEEEING.
  2144 | D:4      | 2144 ||| FLEEEEING.
  2145 | D:4      | 2145 ||| FLEEEEING.
  2149 | D:4      | 2149 ||| STAIRDANCE
  2189 | D:3      | 2189 ||| UPGRADING to +0 pair of boots.
  2194 | D:3      | 2194 ||| READING scroll labelled VEARETHRO ECYWI.
  2204 | D:4      | Reached skill level 7 in Axes
  2350 | D:4      | Found a radiant altar of Vehumet.
  2363 | D:4      | Noticed Menkaure
  2369 | D:4      | Killed Menkaure
  2370 | D:4      | Reached XP level 8. HP: 34/48 MP: 8/8
  2510 | D:4      | 2510 ||| Stepping ~*~*~tactically~*~*~ (hiding).
  2512 | D:4      | 2512 ||| Stepping ~*~*~tactically~*~*~ (hiding).
  2615 | D:4      | Found Offuk's General Store.
  2633 | D:4      | 2633 ||| BUYING scroll of identify (20 gold).
  2633 | D:4      | Bought a scroll of identify for 20 gold pieces
  2633 | D:4      | 2633 ||| BUYING scroll of teleportation (30 gold).
  2633 | D:4      | Bought a scroll of teleportation for 30 gold pieces
  2729 | D:4      | Noticed Blork the orc
  2730 | D:4      | 2730 ||| Stepping ~*~*~tactically~*~*~ (hiding).
  2746 | D:4      | Killed Blork the orc
  3027 | D:4      | Reached skill level 8 in Axes
  3092 | D:4      | Found an ornate altar of the Wu Jian Council.
  3098 | D:4      | 3098 ||| UPGRADING to +0 plate armour.
  3108 | D:4      | 3108 ||| DROPPING +0 scale mail.
  3109 | D:4      | 3109 ||| DRINKING 2 metallic inky potions.
  3110 | D:4      | 3110 ||| READING 2 scrolls of identify.
  3110 | D:4      | 3110 ||| IDENTIFYING fizzy coppery potion
  3111 | D:4      | 3111 ||| DROPPING potion of berserk rage.
  3135 | D:5      | Entered Level 5 of the Dungeon
  3135 | D:5      | Found a stormy altar of Qazlal.
  3222 | D:5      | 3222 ||| FLEEEEING.
  3281 | D:5      | 3281 ||| DROPPING +1 whip of venom.
  3304 | D:5      | Found a bloodstained altar of Trog.
  3355 | D:5      | Found a broken altar of Ashenzari.
  3370 | D:5      | Found a burning altar of Makhleb.
  3476 | D:5      | Noticed Prince Ribbit
  3476 | D:5      | Noticed Duvessa
  3476 | D:5      | Noticed Dowan
  3484 | D:5      | Killed Duvessa
  3485 | D:5      | Reached skill level 6 in Fighting
  3485 | D:5      | Reached XP level 9. HP: 50/56 MP: 9/9
  3486 | D:5      | Killed Dowan
  3495 | D:5      | Killed Prince Ribbit
  3629 | D:5      | 3629 ||| UPGRADING to +0 cloak.
  3634 | D:5      | 3634 ||| UPGRADING to +2 cloak.
  3644 | D:5      | 3644 ||| DROPPING +0 cloak.
  3645 | D:5      | 3645 ||| READING scroll labelled HUTHRO XYSE.
  3646 | D:5      | 3646 ||| READING scroll labelled BAKEUM QIYCLYMP.
  3674 | D:6      | 3674 ||| STAIRDANCE
  3941 | D:6      | Reached skill level 9 in Axes
  3951 | D:6      | 3951 ||| Stepping ~*~*~tactically~*~*~ (stealth).
  4178 | D:6      | Found a staircase to the Ecumenical Temple.
  4179 | D:6      | 4179 ||| PLANNING TEMPLE
  4179 | D:6      | 4179 ||| UPGRADING to ring of protection from fire.
  4180 | D:6      | 4180 ||| READING scroll labelled QANNADWUYGE.
  4188 | Temple   | Entered the Ecumenical Temple
  4188 | Temple   | Found a transporter.
  4188 | Temple   | Found a transporter.
  4190 | Temple   | Found a transporter.
  4190 | Temple   | Found a transporter.
  4200 | Temple   | 4200 ||| PLANNING D:1-11
  4215 | Temple   | 4215 ||| PLANNING OKAWARU WORSHIP
  4219 | Temple   | Became a worshipper of Warmaster Okawaru
  4219 | Temple   | 4219 ||| PLANNING D:1-11
  4242 | D:6      | 4242 ||| Stepping ~*~*~tactically~*~*~ (stealth).
  4243 | D:6      | 4243 ||| Stepping ~*~*~tactically~*~*~ (stealth).
  4244 | D:6      | 4244 ||| Stepping ~*~*~tactically~*~*~ (stealth).
  4378 | D:6      | 4378 ||| Stepping ~*~*~tactically~*~*~ (hiding).
  4384 | D:6      | Reached skill level 6 in Armour
  4414 | D:6      | 4414 ||| Stepping ~*~*~tactically~*~*~ (stealth).
  4416 | D:6      | 4416 ||| Stepping ~*~*~tactically~*~*~ (stealth).
  4419 | D:6      | 4419 ||| Stepping ~*~*~tactically~*~*~ (hiding).
  4485 | D:6      | 4485 ||| Stepping ~*~*~tactically~*~*~ (stealth).
  4524 | D:6      | Noticed Edmund
  4531 | D:6      | Killed Edmund
  4534 | D:6      | 4534 ||| DROPPING +0 flail.
  4561 | D:6      | 4561 ||| Stepping ~*~*~tactically~*~*~ (hiding).
  4582 | D:6      | 4582 ||| Stepping ~*~*~tactically~*~*~ (hiding).
  4583 | D:6      | 4583 ||| Stepping ~*~*~tactically~*~*~ (hiding).
  4585 | D:6      | 4585 ||| Stepping ~*~*~tactically~*~*~ (hiding).
  4687 | D:6      | 4687 ||| FLEEEEING.
  4688 | D:6      | 4688 ||| FLEEEEING.
  4689 | D:6      | 4689 ||| FLEEEEING.
  4690 | D:6      | 4690 ||| FLEEEEING.
  4692 | D:6      | 4692 ||| FLEEEEING.
  4898 | D:6      | Found an opulent altar of Gozag.
  4898 | D:6      | Found a glowing silver altar of Zin.
  4911 | D:6      | 4911 ||| READING scroll labelled SEKIOM FOTTE.
  4912 | D:6      | 4912 ||| READING scroll labelled CEAPHA WYEFI.
  5079 | D:7      | Reached skill level 10 in Axes
  5134 | D:7      | Reached XP level 10. HP: 63/63 MP: 10/10
  5249 | D:7      | Reached * piety under Okawaru
  5327 | D:7      | Reached skill level 1 in Invocations
  5380 | D:7      | 5380 ||| Stepping ~*~*~tactically~*~*~ (stealth).
  5382 | D:7      | Noticed a kobold demonologist
  5384 | D:7      | Noticed a kobold demonologist
  5386 | D:7      | 5386 ||| Stepping ~*~*~tactically~*~*~ (hiding).
  5392 | D:7      | Noticed an orange demon
  5397 | D:7      | Noticed a rust devil
  5397 | D:7      | Killed a kobold demonologist
  5402 | D:7      | 5402 ||| READING 7 scrolls of teleportation.
  5403 | D:7      | 5403 ||| INVOKING Heroism.
  5404 | D:7      | Killed a kobold demonologist
  5405 | D:7      | Reached skill level 3 in Invocations
  5445 | D:7      | 5445 ||| Stepping ~*~*~tactically~*~*~ (stealth).
  5447 | D:7      | 5447 ||| READING 6 scrolls of teleportation.
  5448 | D:7      | 5448 ||| INVOKING Heroism.
  5707 | D:7      | 5707 ||| Stepping ~*~*~tactically~*~*~ (stealth).
  5708 | D:7      | 5708 ||| Stepping ~*~*~tactically~*~*~ (stealth).
  5709 | D:7      | 5709 ||| Stepping ~*~*~tactically~*~*~ (stealth).
  5799 | D:7      | 5799 ||| Stepping ~*~*~tactically~*~*~ (hiding).
  5800 | D:7      | 5800 ||| Stepping ~*~*~tactically~*~*~ (hiding).
  5905 | D:7      | 5905 ||| INVOKING Heroism.
  5932 | D:7      | Noticed an unseen horror
  5941 | D:7      | Killed an unseen horror
  5972 | D:7      | 5972 ||| INVOKING Heroism.
  5974 | D:7      | Noticed a boulder beetle
  5988 | D:7      | Killed a boulder beetle
  5989 | D:7      | Reached skill level 6 in Shields
  5991 | D:7      | 5991 ||| INVOKING Heroism.
  5997 | D:7      | Reached ** piety under Okawaru
  6001 | D:7      | 6001 ||| INVOKING Heroism.
  6012 | D:7      | HP: 15/64 [troll (10)]
  6013 | D:7      | 6013 ||| READING 5 scrolls of teleportation.
  6014 | D:7      | 6014 ||| DRINKING 3 potions of heal wounds.
  6201 | D:7      | 6201 ||| UPGRADING to +4 ring of protection.
  6203 | D:7      | 6203 ||| READING 2 scrolls of identify.
  6203 | D:7      | 6203 ||| IDENTIFYING red potion
  6204 | D:7      | 6204 ||| DROPPING potion of flight.
  6275 | D:8      | Reached XP level 11. HP: 68/68 MP: 14/14
  6279 | D:8      | Reached skill level 11 in Axes
  6312 | D:8      | 6312 ||| Stepping ~*~*~tactically~*~*~ (stealth).
  6328 | D:8      | 6328 ||| INVOKING Heroism.
  6349 | D:8      | Noticed a two-headed ogre
  6351 | D:8      | 6351 ||| INVOKING Heroism.
  6355 | D:8      | Killed a two-headed ogre
  6356 | D:8      | Reached skill level 9 in Fighting
  6400 | D:8      | Noticed a boulder beetle
  6401 | D:8      | 6401 ||| INVOKING Heroism.
  6413 | D:8      | Killed a boulder beetle
  6413 | D:8      | Reached *** piety under Okawaru
  6463 | D:8      | 6463 ||| READING scroll labelled ZUW IXKETHONLYBE.
  6464 | D:8      | 6464 ||| READING scroll labelled QEILIS JICLYEN.
  6527 | D:8      | Found a sacrificial altar of Ru.
  6695 | D:8      | Found a staircase to the Lair.
  6807 | D:8      | 6807 ||| Stepping ~*~*~tactically~*~*~ (stealth).
  6808 | D:8      | 6808 ||| Stepping ~*~*~tactically~*~*~ (stealth).
  6838 | D:8      | 6838 ||| PLANNING LAIR
  6838 | D:8      | 6838 ||| DRINKING 4 purple potions.
  6838 | D:8      | Gained mutation: Your mind is acute. (Int +4, Str/Dex -1)
                  | [potion of mutation]
  6838 | D:8      | Gained mutation: You have a pair of small horns on your
                  | head. [potion of mutation]
  6838 | D:8      | Gained mutation: You are vulnerable to heat. (rF-) [potion
                  | of mutation]
  6839 | D:8      | 6839 ||| DRINKING 3 potions of mutation.
  6839 | D:8      | Lost mutation: You are vulnerable to heat. (rF-) [potion of
                  | mutation]
  6839 | D:8      | Lost mutation: Your mind is acute. (Int +4, Str/Dex -1)
                  | [potion of mutation]
  6839 | D:8      | Gained mutation: You are frail. (-10% HP) [potion of
                  | mutation]
  6840 | D:8      | 6840 ||| DRINKING 2 potions of mutation.
  6840 | D:8      | Lost mutation: You are frail. (-10% HP) [potion of
                  | mutation]
  6840 | D:8      | Lost mutation: You have a pair of small horns on your head.
                  | [potion of mutation]
  6840 | D:8      | Gained mutation: Your large and strong wings let you fly.
                  | [potion of mutation]
  6840 | D:8      | Gained mutation: You are weak. (Str -2) [potion of
                  | mutation]
  6840 | D:8      | Gained mutation: You expend magic power (3 MP) to
                  | strengthen your wands. [potion of mutation]
  6864 | D:8      | 6864 ||| UPGRADING to +1 helmet.
  6869 | D:8      | 6869 ||| READING 2 scrolls of identify.
  6869 | D:8      | 6869 ||| IDENTIFYING fizzy brown potion
  6896 | Lair:1   | Entered Level 1 of the Lair of Beasts
  6907 | Lair:1   | 6907 ||| INVOKING Heroism.
  6980 | Lair:1   | 6980 ||| INVOKING Heroism.
  7069 | Lair:1   | 7069 ||| INVOKING Heroism.
  7077 | Lair:1   | Reached skill level 12 in Axes
  7135 | Lair:1   | 7135 ||| INVOKING Heroism.
  7148 | Lair:1   | Reached **** piety under Okawaru
  7149 | Lair:1   | Reached skill level 9 in Armour
  7251 | Lair:1   | 7251 ||| Stepping ~*~*~tactically~*~*~ (stealth).
  7252 | Lair:1   | 7252 ||| INVOKING Heroism.
  7258 | Lair:1   | Received a gift from Okawaru
  7266 | Lair:1   | 7266 ||| INVOKING Heroism.
  7282 | Lair:1   | 7282 ||| INVOKING Heroism.
  7342 | Lair:1   | 7342 ||| INVOKING Heroism.
  7675 | Lair:1   | Reached XP level 12. HP: 75/77 MP: 15/15
  7869 | Lair:1   | 7869 ||| DROPPING orb of energy.
  7870 | Lair:1   | 7870 ||| DRINKING 2 fuming silvery potions.
  7938 | Lair:2   | 7938 ||| INVOKING Heroism.
  8053 | Lair:2   | 8053 ||| Stepping ~*~*~tactically~*~*~ (stealth).
  8055 | Lair:2   | 8055 ||| Stepping ~*~*~tactically~*~*~ (stealth).
  8059 | Lair:2   | 8059 ||| Stepping ~*~*~tactically~*~*~ (stealth).
  8069 | Lair:2   | 8069 ||| INVOKING Heroism.
  8074 | Lair:2   | Reached skill level 6 in Invocations
  8250 | Lair:2   | 8250 ||| READING scroll of enchant armour.
  8250 | Lair:2   | 8250 ||| ENCHANTING +1 helmet.
  8284 | Lair:2   | Found a dark tunnel.
  8320 | Lair:2   | Noticed a death yak
  8320 | Lair:2   | 8320 ||| Stepping ~*~*~tactically~*~*~ (stealth).
  8322 | Lair:2   | 8322 ||| INVOKING Heroism.
  8336 | Lair:2   | Killed a death yak
  8341 | Lair:2   | Reached ***** piety under Okawaru
  8342 | Lair:2   | Reached skill level 13 in Axes
  8374 | Lair:2   | 8374 ||| FLEEEEING.
  8375 | Lair:2   | 8375 ||| FLEEEEING.
  8597 | Lair:2   | 8597 ||| Stepping ~*~*~tactically~*~*~ (hiding).
  8813 | Lair:2   | 8813 ||| Stepping ~*~*~tactically~*~*~ (stealth).
  8831 | Lair:2   | 8831 ||| INVOKING Heroism.
  8846 | Lair:2   | Received a gift from Okawaru
  8865 | Lair:2   | Found a hole to the Spider Nest.
  9239 | Lair:3   | 9239 ||| Stepping ~*~*~tactically~*~*~ (stealth).
  9240 | Lair:3   | 9240 ||| Stepping ~*~*~tactically~*~*~ (stealth).
  9259 | Lair:3   | 9259 ||| INVOKING Heroism.
  9401 | Lair:3   | 9401 ||| INVOKING Heroism.
  9649 | Lair:3   | 9649 ||| INVOKING Heroism.
  9657 | Lair:3   | Reached skill level 9 in Invocations
  9667 | Lair:3   | Reached XP level 13. HP: 66/82 MP: 19/19
  9739 | Lair:3   | 9739 ||| INVOKING Heroism.
  9830 | Lair:3   | 9830 ||| Stepping ~*~*~tactically~*~*~ (hiding).
  9832 | Lair:3   | Found a staircase to the Shoals.
  9842 | Lair:3   | 9842 ||| INVOKING Heroism.
 10340 | Lair:3   | 10340 ||| READING 2 scrolls of identify.
 10340 | Lair:3   | 10340 ||| IDENTIFYING bubbling clear potion
 10426 | Lair:4   | 10426 ||| Stepping ~*~*~tactically~*~*~ (stealth).
 10442 | Lair:4   | Received a gift from Okawaru
 10589 | Lair:4   | 10589 ||| INVOKING Heroism.
 10619 | Lair:4   | Received a gift from Okawaru
 10629 | Lair:4   | 10629 ||| Stepping ~*~*~tactically~*~*~ (stealth).
 10630 | Lair:4   | 10630 ||| INVOKING Heroism.
 10754 | Lair:4   | 10754 ||| Stepping ~*~*~tactically~*~*~ (stealth).
 10755 | Lair:4   | 10755 ||| INVOKING Heroism.
 10773 | Lair:4   | Reached skill level 14 in Axes
 10937 | Lair:4   | 10937 ||| Stepping ~*~*~tactically~*~*~ (stealth).
 10965 | Lair:4   | 10965 ||| Stepping ~*~*~tactically~*~*~ (stealth).
 11076 | Lair:4   | 11076 ||| Stepping ~*~*~tactically~*~*~ (stealth).
 11083 | Lair:4   | Identified the +0 ring mail of Zogenne {Contam rPois Str+7}
                  | (Okawaru gifted it to you on level 4 of the Lair of Beasts)
 11083 | Lair:4   | Received a gift from Okawaru
 11136 | Lair:4   | Found a broken altar of Ashenzari.
 11318 | Lair:4   | 11318 ||| INVOKING Heroism.
 11319 | Lair:4   | 11319 ||| INVOKING Finesse.
 11325 | Lair:4   | 11325 ||| SWAPPING to +2 flail of holy wrath.
 11330 | Lair:4   | 11330 ||| SWAPPING to +2 heavy war axe.
 11380 | Lair:4   | 11380 ||| Stepping ~*~*~tactically~*~*~ (stealth).
 11458 | Lair:4   | 11458 ||| Stepping ~*~*~tactically~*~*~ (stealth).
 11566 | Lair:4   | 11566 ||| UPGRADING to +0 kite shield.
 11576 | Lair:4   | 11576 ||| DROPPING +0 buckler.
 11577 | Lair:4   | 11577 ||| UPGRADING to +5 ring of evasion.
 11579 | Lair:4   | 11579 ||| READING 4 scrolls of identify.
 11579 | Lair:4   | 11579 ||| IDENTIFYING glowing grey potion
 11580 | Lair:4   | 11580 ||| DROPPING potion of brilliance.
 11601 | Lair:5   | Entered Level 5 of the Lair of Beasts
 11637 | Lair:5   | 11637 ||| INVOKING Heroism.
 11676 | Lair:5   | 11676 ||| Stepping ~*~*~tactically~*~*~ (stealth).
 11722 | Lair:5   | 11722 ||| DROPPING +2 flail of holy wrath.
 11726 | Lair:5   | 11726 ||| INVOKING Heroism.
 11727 | Lair:5   | 11727 ||| INVOKING Finesse.
 11730 | Lair:5   | 11730 ||| SWAPPING to +2 morningstar of protection.
 11738 | Lair:5   | 11738 ||| SWAPPING to +2 heavy war axe.
 11807 | Lair:5   | 11807 ||| INVOKING Heroism.
 11820 | Lair:5   | 11820 ||| INVOKING Heroism.
 11910 | Lair:5   | 11910 ||| INVOKING Heroism.
 11913 | Lair:5   | Reached skill level 9 in Shields
 12076 | Lair:5   | 12076 ||| Stepping ~*~*~tactically~*~*~ (stealth).
 12132 | Lair:5   | 12132 ||| INVOKING Heroism.
 12146 | Lair:5   | 12146 ||| Stepping ~*~*~tactically~*~*~ (stealth).
 12212 | Lair:5   | Found a staircase to the Slime Pits.
 12212 | Lair:5   | Found a viscous altar of Jiyva.
 12218 | Lair:5   | 12218 ||| INVOKING Heroism.
 12384 | Lair:5   | 12384 ||| INVOKING Heroism.
 12470 | Lair:5   | 12470 ||| INVOKING Heroism.
 12476 | Lair:5   | Mutation became permanent: Your large and strong wings let
                  | you fly. [Gargoyle growth]
 12476 | Lair:5   | Gained mutation: Your large and strong wings let you fly.
                  | [Gargoyle growth]
 12476 | Lair:5   | Reached XP level 14. HP: 31/88 MP: 16/21
 12677 | Lair:5   | 12677 ||| INVOKING Heroism.
 12683 | Lair:5   | 12683 ||| FLEEEEING.
 12684 | Lair:5   | 12684 ||| FLEEEEING.
 12685 | Lair:5   | 12685 ||| FLEEEEING.
 12686 | Lair:5   | 12686 ||| FLEEEEING.
 12687 | Lair:5   | 12687 ||| FLEEEEING.
 12691 | Lair:5   | 12691 ||| FLEEEEING.
 12695 | Lair:5   | 12695 ||| FLEEEEING.
 12696 | Lair:5   | 12696 ||| FLEEEEING.
 12697 | Lair:5   | 12697 ||| FLEEEEING.
 12699 | Lair:5   | 12699 ||| FLEEEEING.
 12701 | Lair:5   | 12701 ||| FLEEEEING.
 12702 | Lair:5   | 12702 ||| FLEEEEING.
 12703 | Lair:5   | 12703 ||| FLEEEEING.
 12704 | Lair:5   | 12704 ||| FLEEEEING.
 12705 | Lair:5   | 12705 ||| INVOKING Heroism.
 12940 | Lair:5   | 12940 ||| Stepping ~*~*~tactically~*~*~ (stealth).
 13006 | Lair:5   | 13006 ||| FLEEEEING.
 13012 | Lair:5   | 13012 ||| INVOKING Heroism.
 13135 | Lair:5   | Received a gift from Okawaru
 13136 | Lair:5   | Reached skill level 12 in Shields
 13140 | Lair:5   | 13140 ||| INVOKING Heroism.
 13291 | Lair:5   | Found a corrupted altar of Lugonu.
 13291 | Lair:5   | Found a one-way gate to the infinite horrors of the Abyss.
 13300 | Lair:5   | 13300 ||| READING scroll of enchant weapon.
 13300 | Lair:5   | 13300 ||| ENCHANTING +2 heavy war axe.
 13353 | Lair:5   | 13353 ||| INVOKING Heroism.
 13358 | Lair:5   | 13358 ||| SWAPPING to +2 morningstar of protection.
 13364 | Lair:5   | 13364 ||| SWAPPING to +3 heavy war axe.
 13538 | Lair:5   | 13538 ||| INVOKING Heroism.
 13546 | Lair:5   | Reached skill level 3 in Throwing
 13589 | Lair:5   | 13589 ||| PLANNING D:1-11
 13589 | Lair:5   | 13589 ||| DROPPING amulet of the acrobat.
 13590 | Lair:5   | 13590 ||| READING scroll labelled ZYEQ IFUELL.
 13643 | Lair:5   | 13643 ||| READING scroll labelled JOBLIA MINA.
 13644 | Lair:5   | 13644 ||| READING 3 scrolls of identify.
 13644 | Lair:5   | 13644 ||| IDENTIFYING bubbling green potion
 13978 | D:9      | 13978 ||| Stepping ~*~*~tactically~*~*~ (hiding).
 13981 | D:9      | 13981 ||| Stepping ~*~*~tactically~*~*~ (hiding).
 14250 | D:9      | 14250 ||| READING scroll of enchant weapon.
 14250 | D:9      | 14250 ||| ENCHANTING +3 heavy war axe.
 14480 | D:10     | Entered Level 10 of the Dungeon
 14516 | D:10     | 14516 ||| Stepping ~*~*~tactically~*~*~ (stealth).
 14518 | D:10     | 14518 ||| Stepping ~*~*~tactically~*~*~ (stealth).
 14699 | D:10     | Found a staircase to the Orcish Mines.
 14746 | D:10     | Found a shadowy altar of Dithmenos.
 14755 | D:10     | Found a glowing golden altar of the Shining One.
 14756 | D:10     | 14756 ||| Stepping ~*~*~tactically~*~*~ (stealth).
 14760 | D:10     | 14760 ||| Stepping ~*~*~tactically~*~*~ (stealth).
 14762 | D:10     | 14762 ||| Stepping ~*~*~tactically~*~*~ (stealth).
 14764 | D:10     | 14764 ||| Stepping ~*~*~tactically~*~*~ (stealth).
 14826 | D:10     | 14826 ||| Stepping ~*~*~tactically~*~*~ (hiding).
 14866 | D:10     | 14866 ||| Stepping ~*~*~tactically~*~*~ (stealth).
 14870 | D:10     | 14870 ||| Stepping ~*~*~tactically~*~*~ (stealth).
 14875 | D:10     | Received a gift from Okawaru
 15586 | D:11     | 15586 ||| Stepping ~*~*~tactically~*~*~ (hiding).
 15660 | D:11     | You are sucked into a shaft and drop 2 floors!
 15873 | D:11     | 15873 ||| Stepping ~*~*~tactically~*~*~ (stealth).
 15881 | D:11     | Reached skill level 15 in Axes
 15909 | D:11     | Noticed Lodul
 15922 | D:11     | Killed Lodul
 15927 | D:11     | 15927 ||| FLEEEEING.
 15928 | D:11     | 15928 ||| FLEEEEING.
 15933 | D:11     | 15933 ||| FLEEEEING.
 15934 | D:11     | 15934 ||| FLEEEEING.
 15941 | D:11     | 15941 ||| FLEEEEING.
 15946 | D:11     | 15946 ||| FLEEEEING.
 15947 | D:11     | 15947 ||| FLEEEEING.
 15948 | D:11     | 15948 ||| FLEEEEING.
 15955 | D:11     | 15955 ||| FLEEEEING.
 15956 | D:11     | 15956 ||| FLEEEEING.
 15957 | D:11     | 15957 ||| FLEEEEING.
 15958 | D:11     | 15958 ||| FLEEEEING.
 16206 | D:11     | 16206 ||| Stepping ~*~*~tactically~*~*~ (hiding).
 16234 | D:11     | Identified the +8 broad axe of Okawaru, Growing {heavy,
                  | *Corrode Int+3 Dex+2} (Okawaru gifted it to you on level 11
                  | of the Dungeon)
 16234 | D:11     | Received a gift from Okawaru
 16234 | D:11     | Noticed Gastronok
 16245 | D:11     | Killed Gastronok
 16275 | D:11     | 16275 ||| SWAPPING to +8 broad axe of Okawaru, Growing
                  | {heavy, *Corrode Int+3 Dex+2}.
 16337 | D:11     | 16337 ||| Stepping ~*~*~tactically~*~*~ (hiding).
 16338 | D:11     | 16338 ||| Stepping ~*~*~tactically~*~*~ (hiding).
 16418 | D:11     | 16418 ||| PLANNING D
 16514 | D:12     | 16514 ||| FLEEEEING.
 16515 | D:12     | 16515 ||| FLEEEEING.
 16516 | D:12     | 16516 ||| FLEEEEING.
 16517 | D:12     | 16517 ||| FLEEEEING.
 16526 | D:12     | 16526 ||| INVOKING Heroism.
 16527 | D:12     | 16527 ||| READING 5 scrolls of teleportation.
 16554 | D:12     | 16554 ||| Stepping ~*~*~tactically~*~*~ (stealth).
 16609 | D:12     | 16609 ||| Stepping ~*~*~tactically~*~*~ (stealth).
 16629 | D:12     | 16629 ||| INVOKING Heroism.
 16785 | D:12     | 16785 ||| Stepping ~*~*~tactically~*~*~ (stealth).
 16793 | D:12     | 16793 ||| INVOKING Heroism.
 16797 | D:12     | Mangled by a very large slime creature

Levels and vault maps discovered:
D:1:      scummos_arrival_simple_fountains, layout_rooms
D:2:      layout_loops_ring, basic_altar,
          dreamdust_ecumenical_altar_angels_and_demons
D:3:      layout_basic, elyvilon_altar_3, general_overflow_altar
D:4:      layout_basic, mainiacjoe_overflow_24_doors,
          pdpol_wu_jian_five_deadly_venoms, serial_shops, nicolae_diamond_shop,
          hangedman_minor_gate_pass, uniq_menkaure, uniq_blork_the_orc,
          uniq_sigmund, uniq_grinder
D:5:      layout_rooms, mainiacjoe_overflow_cross_hatched, lemuel_round_altar,
          overflow_temple_1_default, old_standard_altar, uniq_prince_ribbit1,
          uniq_duvessa
D:6:      layout_loops_corners, grunt_temple_overflow_gold_and_silver,
          minmay_temple_entry_tees, uniq_edmund
D:7:      minmay_slanted_spiral_squares, layout_gridville,
          minmay_misc_feat_cross
D:8:      layout_rooms, nicolae_ru_sacrificial_ziggurat,
          due_lair_maze_entry_diamond
D:9:      layout_roguey, grunt_ministairs_9
D:10:     layout_layer_cave, mainiacjoe_overflow_concentric_impassable,
          grunt_dithmenos_smoke, orc_0_dummy
D:11:     layout_irregular_city, uniq_gastronok, uniq_lodul
D:12:     layout_basic, trog_ov_bears_minmay
D:13:     layout_basic, uniq_azrael
Temple:   hellmonk_temple_divided_pantheon
Lair:1:   layout_chaotic_city, lemuel_fruit_fields, serial_bayou_shore_b
Lair:2:   layout_cave_pods, nicolae_spider_entry_lesser_pyramids,
          nicolae_volcano_entry_lava_flow
Lair:3:   layout_cave_pods, elwin_shoals_entry_stream
Lair:4:   layout_regular_city, basic_altar, grunt_megastairs_1,
          lemuel_fruit_tree
Lair:5:   hellmonk_lair_end_abyssal_woods, layout_small_grid, slime_entry_1,
          grunt_megastairs_3, serial_bayou_shore_b

Skill      XL: |  1  2  3  4  5  6  7  8  9 10 11 12 13 14 |
---------------+-------------------------------------------+-----
Axes           | 2 3 4 5 7 8 10 12 13 14 15 | 15.0
Fighting       | 4 6 7 8 10 11 | 11.1
Dodging        | 1 2 |  2.2
Throwing       | 2 5 |  5.6
Armour         | 5 6 7 9 10 | 10.6
Shields        | 4 6 10 12 | 12.0
Invocations    | 4 9 10 | 10.0

Action                     |  1- 3 |  4- 6 |  7- 9 | 10-12 | 13-15 || total
---------------------------+-------+-------+-------+-------+-------++-------
  Melee: War axe           |    87 |    36 |   199 |   402 |   454 ||  1178
         Morningstar       |       |       |       |       |    12 ||    12
         Flail             |       |       |       |       |     4 ||     4
         Broad axe         |       |       |       |       |    54 ||    54
  Throw: Boomerang         |       |       |    66 |   108 |   157 ||   331
         Javelin           |       |       |       |       |    22 ||    22
 Invoke: Heroism           |       |       |       |    24 |    24 ||    48
         Finesse           |       |       |       |       |     2 ||     2
    Use: Scroll            |     6 |     5 |     7 |     8 |     8 ||    34
         Potion            |       |     1 |     1 |     5 |       ||     7
 Armour: Scale mail        |    34 |    21 |    44 |       |       ||    99
         Plate armour      |       |       |   108 |   318 |   267 ||   693
  Dodge: Dodged            |    29 |    19 |    80 |   152 |   205 ||   485
  Block: Buckler           |    19 |    17 |    87 |   278 |    47 ||   448
         Reflection        |       |       |     2 |     4 |    10 ||    16
         Kite shield       |       |       |       |       |   366 ||   366

Table legend:
 A = Non-vault XP
 B = Vault XP
 C = Vault XP percentage of total XP
 D = Non-vault monster count
 E = Vault monster count
 F = Vault count percentage of total count
                 A         B        C        D         E       F
            +---------+---------+-------+---------+---------+-------
      Total |   57473 |   26132 |  31.3 |     394 |     100 |  20.2
            +---------+---------+-------+---------+---------+-------
        D:1 |      31 |       0 |   0.0 |      19 |       0 |   0.0
        D:2 |      32 |       0 |   0.0 |      12 |       0 |   0.0
        D:3 |      97 |       0 |   0.0 |      11 |       0 |   0.0
        D:4 |     795 |     880 |  52.5 |      26 |       8 |  23.5
        D:5 |     630 |     495 |  44.0 |      18 |       3 |  14.3
        D:6 |    1417 |     166 |  10.5 |      31 |       1 |   3.1
        D:7 |    1881 |    2646 |  58.4 |      31 |      12 |  27.9
        D:8 |    2788 |    1014 |  26.7 |      14 |       8 |  36.4
        D:9 |    1334 |     389 |  22.6 |      19 |       2 |   9.5
       D:10 |    4965 |       0 |   0.0 |      24 |       0 |   0.0
       D:11 |    2263 |    2990 |  56.9 |      19 |       8 |  29.6
       D:12 |    4373 |     581 |  11.7 |      21 |       2 |   8.7
       D:13 |     350 |       0 |   0.0 |       1 |       0 |   0.0
     Lair:1 |    6448 |       0 |   0.0 |      30 |       0 |   0.0
     Lair:2 |    7118 |    1571 |  18.1 |      32 |       5 |  13.5
     Lair:3 |    4676 |    1547 |  24.9 |      19 |       4 |  17.4
     Lair:4 |    7997 |     205 |   2.5 |      33 |       1 |   2.9
     Lair:5 |   10278 |   13648 |  57.0 |      34 |      46 |  57.5
            +---------+---------+-------+---------+---------+-------
